 Dungeon Crawl Stone Soup version 0.31-a0-210-gccc998df9b (webtiles) character file.

Game seed: 1014431506361789934

52 qw the Chopper (level 3, -1/23 HPs)
             Began as a Gargoyle Fighter on June 29, 2023.
             Slain by a gnoll
             ... wielding a +2 spear of venom
              (3 damage)
             ... on level 2 of the Dungeon.
             The game lasted 00:00:19 (753 turns).

qw the Chopper (Gargoyle Fighter)                    Turns: 753, Time: 00:00:19

Health: -1/23      AC: 17    Str: 21    XL:     3   Next: 85%
Magic:  3/3        EV:  9    Int:  8    God:
Gold:   28         SH:  4    Dex:  9    Spells: 2/2 levels left

rFire   . . .        a - +1 war axe of Drought {protect, rPois rN+ Will-}
rCold   . . .        c - +0 buckler
rNeg    + + .        b - +0 scale mail
rPois   inf          (no helmet)
rElec   +            (no cloak)
rCorr   .            (no gloves)
SInv    .            (no boots)
Will    .....        (no amulet) Stlth
                     (no ring)
HPRegen 0.23/turn    (no ring)
MPRegen 0.08/turn

%: no passive effects
@: under a protective aura
A: sickness immunity, AC +3, negative energy resistance 1, electricity
resistance, torment resistance 1, petrification resistance
a: no special abilities


You were on level 2 of the Dungeon.
You visited 1 branch of the dungeon, and saw 2 of its levels.

You collected 28 gold pieces.


Innate Abilities, Weirdness & Mutations

You are immune to sickness and miasma.
Your stone body is resilient. (AC +3)
You are immune to poison.
You resist negative energy. (rN+)
You are resistant to electric shocks. (rElec)
You are resistant to unholy torment.
You are immune to petrification.


   Skills:
 - Level 3.2 Fighting
 + Level 3.6 Axes
 - Level 0.2 Throwing
 - Level 3.2 Armour
 - Level 3.2 Shields


You had 2 spell levels left.
You didn't know any spells.
Your spell library was empty.

Inventory:

Hand Weapons
 a - the +1 war axe of Drought (weapon) {protect, rPois rN+ Will-}
   (You acquired it on level 1 of the Dungeon)

   rPois:     It protects you from poison.
   rN:        It protects you from negative energy.
   Will:      It decreases your willpower.
 m - a +0 club
 Y - a +0 war axe
Armour
 b - a +0 scale mail (worn)
 c - a +0 buckler (worn)
 f - the +0 leather armour "Vubbed" {Harm Drain +Blink rC-}
   (You found it on level 2 of the Dungeon)

   rC:        It makes you vulnerable to cold.
   +Blink:    It lets you blink.
   Drain:     It drains your maximum health when unequipped.
   Harm:      It increases damage dealt and taken.
Scrolls
 g - a scroll of identify
 n - a scroll of noise {unknown}
Potions
 d - a potion of might
 e - 2 potions of enlightenment {unknown}
 i - a potion of attraction {unknown}
 j - a potion of degeneration {unknown}
 k - a potion of haste {unknown}
 l - a potion of curing {unknown}

Dungeon Overview and Level Annotations

Branches:
Dungeon (2/15)

Altars:


Message History

A hobgoblin comes into view.
You closely miss the gnoll.
The hobgoblin shouts!
The gnoll hits you with a +0 club.
You slash the gnoll!
Your weapon exudes an aura of protection.
The gnoll is almost dead.
You barely miss the gnoll. The gnoll barely misses you.
The gnoll hits you but does no damage. You block the gnoll's attack.
You slash the gnoll!
You kill the gnoll!
You closely miss the gnoll.
The gnoll hits you from afar with a +2 spear of venom.
The gnoll hits you but does no damage.
The hobgoblin hits you but does no damage.
The gnoll barely misses you. x2
You hit the gnoll.
The gnoll is moderately wounded.
You hit the hobgoblin.
The gnoll hits you from afar with a +2 spear of venom.
The gnoll hits you with a +0 club.
The hobgoblin hits you but does no damage.
You closely miss the hobgoblin.
The hobgoblin is heavily wounded.
You barely miss the gnoll. The gnoll closely misses you.
The gnoll hits you with a +0 club.
The hobgoblin hits you but does no damage.
A dart slug comes into view.
You slash the hobgoblin!
You kill the hobgoblin!
You slash the gnoll! You block the gnoll's attack.
The gnoll hits you with a +0 club. The gnoll hits you but does no damage.
The gnoll closely misses you.
A kobold comes into view. It is wielding a +0 short sword.
You hit the gnoll.
The gnoll is almost dead.
You block the gnoll's attack.
The gnoll hits you from afar with a +2 spear of venom.
You die...

.g.# .... ..(#
# ...... ....#
# ...... ...(#
### .....
(....# ..# ...
###w....# #.#
#.####)g.....#
#.# #.K..@g#
#.#
#######..####
#.# #.....%...#
#.##
#.#######.....#
#..# #.# ###...
##.# #.# ...
##.####.# #.
##.##...#
...##.########


You could see 2 gnolls, a dart slug and a kobold.

Vanquished Creatures
  2 gnolls (D:2)
  An adder (D:2)
  A worm (D:2)
  An endoplasm (D:1)
  2 giant cockroaches
  2 goblins (D:1)
  3 hobgoblins (D:2)
  A kobold (D:1)
  2 ball pythons
  6 frilled lizards
21 creatures vanquished.

Notes
Turn   | Place    | Note
-------+----------+-------------------------------------------
     0 | D:1      | qw the Gargoyle Fighter began the quest for the Orb.
     0 | D:1      | Reached XP level 1. HP: 14/14 MP: 1/1
     0 | D:1      | 0 ||| qw: Version: 0.3-a-24-ga2abf7b
     0 | D:1      | 0 ||| qw: Game counter: 6886
     0 | D:1      | 0 ||| qw: Melee chars always use a shield: true
     0 | D:1      | 0 ||| qw: God list: Okawaru
     0 | D:1      | 0 ||| qw: Allow faded altars: false
     0 | D:1      | 0 ||| qw: Do Orc after clearing Dungeon:15 true
     0 | D:1      | 0 ||| qw: Do second Lair branch before Depths: true
     0 | D:1      | 0 ||| qw: Lair rune preference: random
     0 | D:1      | 0 ||| qw: Goals: Normal, Zot:1-4, Slime:5, God:TSO, Crypt,
                  | Tomb, Abyss, Pan, Hells, Win
     0 | D:1      | 0 ||| PLANNING D:1-11
   316 | D:1      | Reached XP level 2. HP: 19/19 MP: 2/2
   317 | D:1      | 317 ||| Stepping ~*~*~tactically~*~*~ (stealth).
   526 | D:1      | 526 ||| READING scroll labelled GOOSIUPSOS.
   527 | D:1      | 527 ||| READING 2 scrolls labelled VILANK ITZAFYBB.
   528 | D:1      | 528 ||| READING scroll labelled BOEROPSOZXYIPA.
   529 | D:1      | 529 ||| READING scroll labelled OMUSUTSUPY.
   529 | D:1      | Identified a scroll of acquirement
   529 | D:1      | 529 ||| ACQUIRING +1 war axe of Drought {protect, rPois rN+
                  | Will-}
   529 | D:1      | Acquired the +1 war axe of Drought {protect, rPois rN+
                  | Will-}
   531 | D:1      | 531 ||| SWAPPING to +1 war axe of Drought {protect, rPois
                  | rN+ Will-}.
   632 | D:2      | Identified the +0 leather armour "Vubbed" {Harm Drain
                  | +Blink rC-}
   640 | D:2      | Found a faded altar of an unknown god.
   655 | D:2      | Reached skill level 3 in Axes
   655 | D:2      | Reached XP level 3. HP: 21/23 MP: 3/3
   737 | D:2      | 737 ||| Stepping ~*~*~tactically~*~*~ (stealth).
   743 | D:2      | 743 ||| Stepping ~*~*~tactically~*~*~ (stealth).
   744 | D:2      | 744 ||| Stepping ~*~*~tactically~*~*~ (stealth).
   751 | D:2      | HP: 4/23 [gnoll/+0 club (5)]
   752 | D:2      | HP: 1/23 [gnoll/+0 club (3)]
   753 | D:2      | Slain by a gnoll

Levels and vault maps discovered:
D:1:      onia_arrival_pyramid, layout_basic
D:2:      layout_rooms, shapermc_ecumenical_altar_notcrosses

Skill      XL: |  1  2 |
---------------+-------+-----
Axes           | 2 3 |  3.6
Fighting       | |  3.2
Throwing       | |  0.2
Armour         | |  3.2
Shields        | |  3.2

Action                     || total
---------------------------++-------
  Melee: War axe           ||    33
  Throw: Javelin           ||    27
    Use: Scroll            ||     4
 Armour: Scale mail        ||    22
  Dodge: Dodged            ||    13
  Block: Buckler           ||     8

Table legend:
 A = Non-vault XP
 B = Vault XP
 C = Vault XP percentage of total XP
 D = Non-vault monster count
 E = Vault monster count
 F = Vault count percentage of total count
                 A         B        C        D         E       F
            +---------+---------+-------+---------+---------+-------
      Total |      75 |       0 |   0.0 |      21 |       0 |   0.0
            +---------+---------+-------+---------+---------+-------
        D:1 |      15 |       0 |   0.0 |      10 |       0 |   0.0
        D:2 |      60 |       0 |   0.0 |      11 |       0 |   0.0
            +---------+---------+-------+---------+---------+-------
